 Dungeon Crawl Stone Soup version 0.32-a0-699-g1ee5eff69a (webtiles) character file.

Game seed: 2074525517007789583

174 ytrimaz the Ruffian (level 5, 0/33 HPs)
             Began as an Octopode Shapeshifter on Mar 14, 2024.
             Slain by an orc wizard
             ... wielding a +0 dagger
              (1 damage)
             ... on level 4 of the Dungeon.
             The game lasted 00:02:15 (2190 turns).

ytrimaz the Ruffian (Octopode Shapeshifter)         Turns: 2190, Time: 00:02:16

Health: 0/33       AC:  1    Str: 15    XL:     5   Next: 54%
Magic:  5/5        EV: 12    Int: 13    God:
Gold:   122        SH:  0    Dex: 11    Spells: 4/4 levels left

rFire   . .          .
                       - Unarmed
rCold   . . .        (no shield)
rNeg    . . .        (helmet currently unavailable)
rPois   .            (no amulet)
rElec   .            (no ring)
rCorr   .            (no ring)
SInv    .            (no ring)
Will    .....        (no ring)
Stlth   ++           (no ring)
HPRegen 0.25/turn    (no ring)
MPRegen 0.09/turn    (no ring)
                     (no ring)

%: no passive effects
@: beast-form, hasted, very quick
A: beast (slay +2), almost no armour, amphibious, 8 rings, camouflage 1,
gelatinous body 1, (nimble swimmer 1), tentacles
a: Begin Untransformation


You were on level 4 of the Dungeon.
You were a hulking beast.
You visited 1 branch of the dungeon, and saw 4 of its levels.

You collected 122 gold pieces.


Innate Abilities, Weirdness & Mutations

You are a hulking beast.
Your limbs bulge with bestial killing power. (Slay +2)
You cannot wear most types of armour.
You are amphibious.
You can wear up to eight rings at the same time.
Your skin changes colour to match your surroundings (Stealth+).
Your rubbery body absorbs attacks. (AC +1, EV +1)
((You are camouflaged when in or above water. (Stealth+)))
You have tentacles for arms and can constrict up to eight enemies at once.


   Skills:
 - Level 1.0 Fighting
 - Level 2.0 Dodging
 + Level 4.7 Unarmed Combat
 + Level 4.5 Shapeshifting


You had 4 spell levels left.
You didn't know any spells.
Your spell library contained the following spells:

 Spells                   Type           Power      Damage    Failure   Level
 Foxfire                  Conj/Fire      0%         2x1d4     30%         1
 Volatile Blastmotes      Fire/Tloc      0%         2d10      67%         3
 Irradiate                Conj/Alch      0%         3d11      100%        5
 Haunt                    Necr/Summ      0%         N/A       100%        7
 Borgnjor's Revivificati  Necr           0%         N/A       100%        8
 Death's Door             Necr           0%         N/A       100%        9

Inventory:

Jewellery
 o - a ring of flight
   (You found it on level 2 of the Dungeon)
Talismans
 b - a beast talisman (active)
 c - a flux talisman
Scrolls
 d - a scroll of noise {unknown}
 i - a scroll of identify {unknown}
 j - a scroll of torment {unknown}
 k - a scroll of teleportation {unknown}
 n - 2 scrolls of poison {unknown}
 r - a scroll of fog {unknown}
 s - a scroll of enchant weapon {unknown}
Potions
 a - a potion of curing
 f - a potion of lignification
 g - a potion of enlightenment {unknown}
 h - 2 potions of might {unknown}
 l - 2 potions of heal wounds {unknown}
 m - a potion of attraction {unknown}
 p - a potion of invisibility {unknown}
 q - a potion of degeneration {unknown}

Dungeon Overview and Level Annotations

Branches:
Dungeon (4/15) Zot: 21818
 Temple: D:4-7

Altars:
Gozag
Beogh

Shops:
D:1 [*

Annotations:
D:3 3 runed translucent doors, glumboglumbo's ghost, amateur DgCj

.))†............
...#..##.###.###
##.#.))..###....# .#
##.##.##.#.#.##.# .#
...##.##.....##.##.#
##.##.##.....#...#^####
#.##.#...............
#.##..............# #
#.##.........h..#
##..#.##........{o.#
...$........#.....##
#.#####.##.###...##
#............##
#.##.##.###.## #
#.###.# #.# ..# #.> o..
#.# ###...#o


You could see an orc wizard (wandering) and an orc.


Message History

Things that are here:
a +2 dagger of speed; a +2 robe of resistance; an orc corpse You tentacle-slap the ribbon worm.
You grab the ribbon worm. You constrict the ribbon worm.
The ribbon worm bites you. 😕 HP[-1]
You take 1 damage, and now have 32/33 hp.
You tentacle-slap the ribbon worm. You squeeze the ribbon worm.
You kill the ribbon worm!
You see here a ribbon worm corpse.
No target in view!
Unknown command.
Things that are here:
a +2 dagger of speed; a +2 robe of resistance; an orc corpse
Things that are here:
a +0 dagger; a +1 robe of positive energy; an orc corpse You now have 110 gold pieces (gained 13).
An orc comes into view. It is wielding a +0 mace.
Found a stone staircase leading down.
The orc moves out of view.
You now have 122 gold pieces (gained 12).
s - a scroll labelled WITSUTR HODAI 😎 HP[+1]
Your hp is fully restored (33).
An orc comes into view. It is wielding a +0 short sword.
An orc is nearby!
An orc is nearby!
Unknown command.
An orc wizard comes into view. It is wielding a +0 dagger.
The orc shouts!
You tentacle-slap the orc. Your grab misses the orc.
You hear a shout!
The orc hits you with a +0 short sword.
You hear an angry hiss. 😕 HP[-3]
You take 3 damage, and now have 30/33 hp.
You tentacle-slap the orc. Your grab misses the orc. You squeeze the orc.
You kill the orc! 😕 HP[+1]
The orc shouts!
You tentacle-slap the orc wizard but do no damage.
You grab the orc wizard. You constrict the orc wizard.
The orc wizard barely misses you.
Unknown command.
You bludgeon the orc wizard! You constrict the orc wizard.
The orc wizard casts a spell at you.
You are confused.
You are too confused!
You release your grip on the orc wizard.
The orc wizard barely misses you.
Unknown command.
You're too confused to move!
The orc wizard misses you. 😕 HP[+1]
The orc hits you with a +0 mace.
The orc wizard casts a spell.
The orc wizard flickers and vanishes!
Deactivating autopickup; reactivate with Ctrl-A.
Things that are here:
10 gold pieces; a +0 short sword; 5 stones 😕 HP[-2]
You take 2 damage, and now have 30/33 hp.
Unknown command.
The orc barely misses you.
You tentacle-slap the orc. Something hits you. 😕 HP[-4]
You take 4 damage, and now have 26/33 hp.
Unknown command.
You miss something. The orc barely misses you.
Unknown command.
You miss something.
You feel less confused.
You hear some strange, mumbled words.
A magic dart appears from out of thin air!
The magic dart hits you!
The orc hits you with a +0 mace. 😮 HP[-9]
You take 9 damage, and now have 17/33 hp.
MASSIVE DAMAGE!! (PAUSE)
You miss something. Something hits you.
* * * LOW HITPOINT WARNING * * *
The orc closely misses you. 😨 HP[-2]
You take 2 damage, and now have 15/33 hp.
Unknown command.
You tentacle-slap something but do no damage.
Your squeeze misses something. Something hits you.
* * * LOW HITPOINT WARNING * * *
The orc hits you with a +0 mace!
* * * LOW HITPOINT WARNING * * *
😱 HP[-10]
You take 10 damage, and now have 5/33 hp.
MASSIVE DAMAGE!! (PAUSE)
You tentacle-slap something but do no damage.
Something hits you.
* * * LOW HITPOINT WARNING * * *
The orc completely misses you.
An orc wizard comes into view. It is wielding a +0 dagger. 😱 HP[-4]
You take 4 damage, and now have 1/33 hp.
Unknown command.
It was a potion of haste.
You feel yourself speed up. Something hits you.
You die...

Skill      XL: |  1  2  3  4 |
---------------+-------------+-----
Unarmed Combat | 4 |  4.7
Shapeshifting  | 4 |  4.5
Fighting       | |  1.0
Dodging        | |  2.0

Action                     |  1- 3 |  4- 6 || total
---------------------------+-------+-------++-------
  Melee: Unarmed           |    62 |    57 ||   119
         Constrict         |    14 |    18 ||    32
         Tentacles         |    10 |    11 ||    21
         Punch             |     1 |     2 ||     3
    Use: Potion            |     1 |     2 ||     3
   Stab: Sleeping          |     8 |     7 ||    15
 Armour: Skin              |    31 |    30 ||    61
  Dodge: Dodged            |    32 |    31 ||    63

Levels and vault maps discovered:
D:1:      lightli_arrival_lavapool, layout_basic, serial_shops, shop,
          shop_statue
D:2:      layout_rooms, serial_glass, glass_columns_a, glass_columns_c,
          glass_columns_c, glass_columns_a, glass_columns_b, glass_columns_a,
          glass_columns_b, glass_columns_c, uniq_natasha
D:3:      layout_basic, nicolae_gozag_seed_capital, biasface_ghost_orc_armoury,
          hex_intersection
D:4:      layout_loops_ring, uniq_menkaure

Notes
Turn   | Place    | Note
-------+----------+-------------------------------------------
     0 | D:1      | ytrimaz the Octopode Shapeshifter began the quest for the
                  | Orb.
     0 | D:1      | Reached XP level 1. HP: 13/13 MP: 1/1
     0 | D:1      | magus.rc [v1.9.6]
    71 | D:1      | Found Achis's Antique Armour Emporium.
   183 | D:1      | HP: 3/13 [kobold/+0 whip (3)]
   187 | D:1      | Reached XP level 2. HP: 3/16 MP: 2/2
   302 | D:1      | You add the spells Haunt, Borgnjor's Revivification and
                  | Death's Door to your library.
   499 | D:1      | Found Ezxuuso's Assorted Antiques.
   516 | D:1      | Reached XP level 3. HP: 17/19 MP: 3/3
   775 | D:2      | Noticed Natasha
   783 | D:2      | Killed Natasha
   784 | D:2      | Reached skill level 4 in Unarmed Combat
   784 | D:2      | Reached XP level 4. HP: 17/28 MP: 4/4
  1067 | D:3      | Found an opulent altar of Gozag.
  1239 | D:3      | Reached skill level 4 in Shapeshifting
  1297 | D:3      | Found a runed translucent gate.
  1297 | D:3      | Identified the +4 dagger of the Tentacled God {venom,
                  | Will++ Dex+6}
  1297 | D:3      | Identified the +1 chain mail "Vuheaff" {rPois rF- rCorr
                  | Int-4}
  1298 | D:3      | Found a runed translucent gate.
  1299 | D:3      | Found a runed translucent gate.
  1300 | D:3      | Noticed glumboglumbo's ghost (amateur DgCj)
  1740 | D:3      | You add the spells Foxfire, Volatile Blastmotes and
                  | Irradiate to your library.
  1740 | D:3      | Got the Directory of Wild Burning
  1975 | D:3      | Found a roughly hewn altar of Beogh.
  2049 | D:4      | Reached XP level 5. HP: 24/33 MP: 5/5
  2188 | D:4      | HP: 5/33 [orc/+0 mace (7)]
  2189 | D:4      | HP: 1/33 [something (4)]
  2190 | D:4      | Slain by an orc wizard

Vanquished Creatures
  Natasha (D:2)
  2 orc wizards (D:4)
  2 adders (D:3)
  2 dart slugs (D:3)
  2 ribbon worms
  7 orcs
  4 ball pythons
  7 endoplasms
  3 giant cockroaches
  3 hobgoblins
  4 kobolds
  2 quokkas
  8 bats
  4 frilled lizards
  9 goblins
  8 rats
68 creatures vanquished.

Table legend:
 A = Non-vault XP
 B = Vault XP
 C = Vault XP percentage of total XP
 D = Non-vault monster count
 E = Vault monster count
 F = Vault count percentage of total count
                 A         B        C        D         E       F
            +---------+---------+-------+---------+---------+-------
      Total |     214 |      35 |  14.1 |      67 |       1 |   1.5
            +---------+---------+-------+---------+---------+-------
        D:1 |      35 |       0 |   0.0 |      22 |       0 |   0.0
        D:2 |      21 |      35 |  62.5 |      12 |       1 |   7.7
        D:3 |      59 |       0 |   0.0 |      19 |       0 |   0.0
        D:4 |      99 |       0 |   0.0 |      14 |       0 |   0.0
            +---------+---------+-------+---------+---------+-------

Skill      XL: |  1  2  3  4 |
---------------+-------------+-----
Unarmed Combat | 4 |  4.7
Shapeshifting  | 4 |  4.5
Fighting       | |  1.0
Dodging        | |  2.0

Action                     |  1- 3 |  4- 6 || total
---------------------------+-------+-------++-------
  Melee: Unarmed           |    62 |    57 ||   119
         Constrict         |    14 |    18 ||    32
         Tentacles         |    10 |    11 ||    21
         Punch             |     1 |     2 ||     3
    Use: Potion            |     1 |     2 ||     3
   Stab: Sleeping          |     8 |     7 ||    15
 Armour: Skin              |    31 |    30 ||    61
  Dodge: Dodged            |    32 |    31 ||    63

Illustrated notes

Table legend:
 A = Kills in this place as a percentage of kills in the entire game.
 B = Kills by you in this place as a percentage of kills by you in the entire game.
 C = Kills by friends in this place as a percentage of kills by friends in the entire game.
 D = Other kills in this place as a percentage of other kills in the entire game.
 E = Experience gained in this place as a percentage of experience gained in the entire game.
 F = Experience gained in this place divided by the number of levels of this place that you have seen.
                   A       B       C       D       E      F
               +-------+-------+-------+-------+-------+----------------------
         Total | 100.0 | 100.0 |   N/A |   N/A | 100.0 |  62.2
       Dungeon | 100.0 | 100.0 |   N/A |   N/A | 100.0 |  62.2
               +-------+-------+-------+-------+-------+----------------------

Table legend: (Time is in decaauts)
 A = Elapsed time spent in this place.
 B = Non-inter-level travel time spent in this place.
 C = Inter-level travel time spent in this place.
 D = Time resting spent in this place.
 E = Time spent auto-exploring this place.
 F = Levels seen in this place.
 G = Mean time per level.
                   A        B        C        D        E       F      G
               +--------+--------+--------+--------+--------+-----+--------+
         Total |   2180 |   2110 |     70 |      0 |   1670 |   4 |  545.0 |
       Dungeon |   2180 |   2110 |     70 |      0 |   1670 |   4 |  545.0 |
               +--------+--------+--------+--------+--------+-----+--------+

Top non-repeatable levels by time:
     D:3: 943 daAuts
     D:1: 571 daAuts
     D:2: 479 daAuts
     D:4: 186 daAuts
